 Dungeon Crawl Stone Soup version 0.18.1-50-g88ac8fd (webtiles) character file.

1039 tyranidshit the Fighter (level 8, -3/85 HPs)
             Began as a Deep Dwarf Fighter on Sept 21, 2016.
             Slain by a spriggan
             ... wielding a +0 dagger
              (6 damage)
             ... on level 5 of the Dungeon.
             The game lasted 00:09:04 (3605 turns).

tyranidshit the Fighter (Deep Dwarf Fighter)        Turns: 3605, Time: 00:09:05

Health: -3/85      AC: 14    Str: 22    XL:     8   Next: 4%
Magic:  8/8        EV:  4    Int:  9    God:
Gold:   292        SH:  9    Dex: 12    Spells: 0 memorised, 7 levels left

rFire  . . .     SeeInvis .     a - +1 war axe
rCold  . . .     Gourm    .     i - +0 plate armour
rNeg   . . .     Faith    .     c - +0 shield
rPois  .         Spirit   .     (no helmet)
rElec  .         Dismiss  .     g - +1 cloak
rCorr  .         Reflect  .     (no gloves)
SustAt .         Harm     .     h - +0 pair of boots
MR     +....                    w - amulet of inaccuracy (curse)
Stlth  ..........               (no ring)
                                (no ring)

@: non-regenerating, somewhat resistant to hostile enchantments, extremely
unstealthy
A: damage resistance, recharge devices, sense surroundings 1, slow regeneration
3
a: Device Recharging


You were on level 5 of the Dungeon.
You were not hungry.

You visited 1 branch of the dungeon, and saw 5 of its levels.

You collected 292 gold pieces.

Inventory:

Hand Weapons
 a - a +1 war axe (weapon)
Missiles
 t - 3 throwing nets (quivered)
Armour
 b - a +0 scale mail
 c - a +0 shield (worn)
 g - a +1 cloak (worn)
 h - a +0 pair of boots (worn)
 i - a +0 plate armour (worn)
Jewellery
 w - a cursed amulet of inaccuracy (around neck)
Wands
 e - a wand of heal wounds (2/9)
 n - a wand of iceblast (8/15)
 x - a wand of digging (6/24)
Scrolls
 k - 2 scrolls of recharging
 m - 5 scrolls of identify
 r - 2 scrolls of remove curse
Potions
 d - 2 potions of might
 j - 2 potions of mutation {unknown}
 p - a potion of ambrosia
 u - a potion of lignification
 z - a potion of flight
Books
 q - a book of Summonings

   Spells                             Type                      Level
   a - Recall                         Summoning/Translocation      3
   b - Aura of Abjuration             Summoning                    5
   c - Summon Demon                   Summoning                    5
   d - Summon Forest                  Summoning/Translocation      5
   e - Summon Mana Viper              Hexes/Summoning              5
   f - Shadow Creatures               Summoning                    6
Comestibles
 l - a beef jerky
 o - a meat ration


   Skills:
 + Level 9.0 Fighting
 - Level 2.1 Axes
 - Level 3.2 Armour
 - Level 3.2 Shields


You had 7 spell levels left.
You didn't know any spells.

Dungeon Overview and Level Annotations

Branches:
Dungeon (5/15)
 Temple: D:4-7

Altars:
Ashenzari
Fedhas
Gozag
Qazlal
Xom

Annotations:
D:2 !


Innate Abilities, Weirdness & Mutations

You are resistant to damage.
You can recharge devices by infusing magical energy.
You passively map a small area around you.
You do not regenerate naturally.


Message History

The spriggan is severely wounded.
The spriggan hits you with a dagger.
* * * LOW HITPOINT WARNING * * *
You block the spriggan's attack. The spriggan blocks your attack.
The spriggan is severely wounded.
The spriggan hits you but does no damage.
You miss the spriggan.
The spriggan is severely wounded.
The spriggan hits you but does no damage. x2
You barely miss the spriggan.
The spriggan is severely wounded.
The spriggan barely misses you. The spriggan blocks your attack.
The spriggan is severely wounded.
The spriggan hits you with a dagger. You block the spriggan's attack.
The spriggan blocks your attack.
The spriggan is severely wounded.
The spriggan hits you with a dagger!
You die...

,* , ♣ ♣.
♣.♣♣ ♣.. *
♣.♣♣♣♣♣♣♣ *
,*
♣..♣♣...♣♣ ,
*♣..♣.♣♣.♣♣
**
♣♣♣.♣.♣♣♣♣@♣
♣♣♣♣...♣♣♣
♣i♣
♣♣.♣.♣.♣♣
♣i♣ *
♣♣...♣♣♣♣
♣Z. #♣..♣♣♣
..., #♣.♣♣
.♣.., ...♣
*. ♣♣ #♣♣♣ *
.. * *


You could see 2 spriggans and a water moccasin skeleton.

Vanquished Creatures
  2 ogres (D:5)
  A gnoll sergeant (D:3)
  3 hounds
  An orc priest (D:3)
  4 gnoll shamans (D:3)
  An orc wizard (D:3)
  An iguana (D:5)
  A worker ant (D:4)
  A hound skeleton (D:5)
  29 gnolls (D:3)
  8 adders
  2 oozes
  An adder zombie (D:5)
  2 worms
  6 dart slugs
  2 giant geckos
  2 orcs (D:3)
  4 bats
  4 giant cockroaches
  10 goblins
  8 hobgoblins
  18 jackals
  8 kobolds
  A quokka (D:4)
  A ball python (D:4)
  3 giant newts
  7 rats
131 creatures vanquished.

Notes
Turn   | Place    | Note
--------------------------------------------------------------
     0 | D:1      | tyranidshit the Deep Dwarf Fighter began the quest for the Orb.
     0 | D:1      | Reached XP level 1. HP: 20/20 MP: 1/1
   228 | D:1      | Reached skill level 3 in Fighting
   248 | D:1      | Reached XP level 2. HP: 25/28 MP: 2/2
   572 | D:1      | Reached XP level 3. HP: 25/36 MP: 3/3
   861 | D:1      | Reached skill level 4 in Fighting
  1032 | D:2      | Reached XP level 4. HP: 23/45 MP: 4/4
  1452 | D:2      | Reached skill level 5 in Fighting
  1758 | D:3      | Found a shattered altar of Ashenzari.
  1838 | D:3      | Reached XP level 5. HP: 23/52 MP: 5/5
  1938 | D:3      | Reached skill level 6 in Fighting
  1944 | D:3      | HP: 1/55 [gnoll/flail (6)]
  1956 | D:3      | Reached XP level 6. HP: 36/62 MP: 6/6
  2435 | D:3      | Reached skill level 7 in Fighting
  2448 | D:3      | Reached XP level 7. HP: 18/72 MP: 7/7
  2679 | D:3      | HP: 3/73 [gnoll/flail (9)]
  2807 | D:3      | Reached skill level 8 in Fighting
  3114 | D:4      | Found a shimmering altar of Xom.
  3193 | D:4      | Found an opulent altar of Gozag.
  3434 | D:5      | Entered Level 5 of the Dungeon
  3476 | D:5      | Found a stormy altar of Qazlal.
  3478 | D:5      | Found a blossoming altar of Fedhas.
  3544 | D:5      | Reached skill level 9 in Fighting
  3544 | D:5      | Reached XP level 8. HP: 38/85 MP: 8/8
  3600 | D:5      | HP: 3/85 [spriggan/dagger (2)]
  3605 | D:5      | Slain by a spriggan

Skill      XL: |  1  2  3  4  5  6  7 |
---------------+----------------------+-----
Fighting       | 3 4 5 6 7 9 |  9.0
Axes           | |  2.1
Armour         | |  3.2
Shields        | |  3.2

Action                   |  1- 3 |  4- 6 |  7- 9 || total
-------------------------+-------+-------+-------++-------
Melee: War axe           |    75 |   179 |   198 ||   452
Evoke: Wand              |       |     4 |     6 ||    10
  Use: Scroll            |       |     7 |     4 ||    11
       Potion            |       |     3 |     4 ||     7
  Eat: Bread ration      |       |     1 |     2 ||     3
Armor: Scale mail        |    28 |    66 |       ||    94
       Plate armour      |       |    86 |   145 ||   231
Dodge: Dodged            |    22 |    68 |    38 ||   128
Block: Shield            |    44 |   129 |   118 ||   291
